 Dungeon Crawl Stone Soup version 0.27-a0-1200-g94dc6ad4cf (webtiles) character file.

Game seed: 6403716894904570155

193 Morbidden the Conjurer (level 5, 0/40 HPs)
             Began as a Demigod Conjurer on May 30, 2021.
             Slain by a kobold
             ... wielding a +0 dagger
              (1 damage)
             ... on level 3 of the Dungeon.
             The game lasted 00:03:04 (2459 turns).

Morbidden the Conjurer (Demigod Conjurer)           Turns: 2459, Time: 00:03:05

Health: 0/40       AC:  2    Str:  8    XL:     5   Next: 20%
Magic:  2/11       EV: 12    Int: 24    God:
Gold:   123        SH:  0    Dex: 12    Spells: 6/9 levels left

rFire    + . .     SeeInvis .   b - +0 dagger (drain)
rCold    + . .     Faith    .   (no shield)
rNeg     . . .     Spirit   .   d - +0 robe
rPois    +         Reflect  .   (no helmet)
rElec    +         Harm     .   (no cloak)
rCorr    +         Rampage  .   (no gloves)
Will     .....                  (no boots)
Stlth    ++........             (no amulet)
HPRegen  0.13/turn              (no ring)
MPRegen  0.12/turn              (no ring)

@: mighty, lethally poisoned (0 -> -2), resistant, attractive
A: high mp 1, forlorn
a: no special abilities


You were on level 3 of the Dungeon.
You visited 1 branch of the dungeon, and saw 3 of its levels.

You collected 123 gold pieces.

Inventory:

Hand Weapons
 a - a +0 short sword
 b - a +0 dagger of draining (weapon)
Missiles
 e - 5 curare-tipped darts (quivered)
 h - 4 boomerangs of dispersal
 j - a throwing net
Armour
 d - a +0 robe (worn)
Scrolls
 g - a scroll of noise {unknown}
Potions
 f - 2 potions of resistance
 k - a potion of curing {unknown}


   Skills:
 * Level 1.4 Fighting
 * Level 2.5 Dodging
 + Level 1.9 Stealth
 * Level 2.5 Spellcasting
 * Level 5.1 Conjurations


You had 6 spell levels left.
You knew the following spells:

 Your Spells              Type           Power      Damage    Failure   Level
a - Magic Dart            Conj           100%       1d8       1%          1
b - Searing Ray           Conj           54%        3d5       1%          2

Your spell library contained the following spells:

 Spells                   Type           Power      Damage    Failure   Level
 Animate Skeleton         Necr           6%         N/A       12%         1
 Apportation              Tloc           6%         N/A       12%         1
 Corona                   Hex            3%         N/A       12%         1
 Summon Small Mammal      Summ           12%        N/A       12%         1
 Dazzling Flash           Conj/Hex       30%        N/A       12%         3
 Fulminant Prism          Conj/Hex       7%         3d7       36%         4
 Iskenderun's Mystic Bla  Conj/Tloc      15%        2d5       36%         4


Dungeon Overview and Level Annotations

Branches:
Dungeon (3/15)


Innate Abilities, Weirdness & Mutations

Your attributes grow dramatically as you level up.
You have an increased reservoir of magic. (+10% MP)
You shall have no god before yourself.


Message History

The gnoll hits you from afar with a +1 spear of venom.
* * * LOW HITPOINT WARNING * * *
You are lethally poisoned!
Unknown command.
Unknown command.
* * * LOW HITPOINT WARNING * * *
You feel very sick.
* * * LOW HITPOINT WARNING * * *
You feel sick.
A kobold comes into view.
It is wielding a +0 dagger and quivering poisoned darts.
* * * LOW HITPOINT WARNING * * *
You feel sick.
The kobold shouts!
You hear an angry hiss.
A ball python comes into view.
Throw: 6 darts (curare)
Press: ? - help, Q - select action, (/) - cycle Shift-Dir - straight line, f - gnoll
Aim: a gnoll, wielding a +1 spear of venom (heavily wounded, 60% to hit)
You throw a curare-tipped dart. The curare-tipped dart hits the gnoll.
The gnoll is poisoned.
The gnoll convulses.
You kill the gnoll!
* * * LOW HITPOINT WARNING * * *
You feel sick.
Unknown command.
It was a potion of resistance.
You feel protected.
* * * LOW HITPOINT WARNING * * *
You feel sick.
The kobold throws a poisoned dart.
The poisoned dart hits you!
Unknown command.
It was a potion of attraction.
You feel attractive to monsters.
* * * LOW HITPOINT WARNING * * *
You feel sick. The kobold is pulled toward you!
The ball python is pulled toward you!
Unknown command.
It was a potion of might.
You feel very mighty all of a sudden.
* * * LOW HITPOINT WARNING * * *
You feel sick. The kobold hits you with a +0 dagger.
You die...

#### ###... ♣. .#..# .P♣
...#### ..PP P..(..####
.....
..###.>..#########......
..# ####...)†.(.@KS.....
### ################.


You could see a ball python and a kobold.

Vanquished Creatures
  Terence (D:3)
  11 gnolls
  A worm (D:2)
  A dart slug (D:1)
  6 ball pythons
  3 bats
  4 endoplasms (D:1)
  3 giant cockroaches
  6 goblins
  5 hobgoblins
  3 jackals
  2 quokkas
  2 frilled lizards
  5 kobolds
  4 rats
57 creatures vanquished.

Vanquished Creatures (others)
  2 plants (D:3)
2 creatures vanquished.

Grand Total: 59 creatures vanquished

Notes
Turn   | Place    | Note
-------+----------+-------------------------------------------
     0 | D:1      | Morbidden the Demigod Conjurer began the quest for the Orb.
     0 | D:1      | Reached XP level 1. HP: 14/14 MP: 5/5
   236 | D:1      | Reached skill level 4 in Conjurations
   298 | D:1      | Reached XP level 2. HP: 20/20 MP: 5/7
   562 | D:1      | Learned a level 2 spell: Searing Ray
  1120 | D:1      | Reached XP level 3. HP: 27/27 MP: 8/8
  1165 | D:1      | Reached skill level 1 in Fighting
  1867 | D:2      | Reached XP level 4. HP: 35/35 MP: 2/9
  2201 | D:2      | Reached skill level 5 in Conjurations
  2428 | D:3      | Noticed Terence
  2447 | D:3      | Killed Terence
  2448 | D:3      | Reached XP level 5. HP: 14/40 MP: 4/11
  2458 | D:3      | HP: 2/40 [poisoned by a gnoll]
  2459 | D:3      | Slain by a kobold

Illustrated notes

Levels and vault maps discovered:
D:1:      lemuel_arrival_muddy, layout_rooms, serial_rivers,
          chequers_serial_rivers_small_3, chequers_serial_rivers_large_b,
          chequers_serial_rivers_micro_c, chequers_serial_rivers_micro_e,
          chequers_serial_rivers_marsh, basic_ecumenical_altar
D:2:      layout_loops_cross, basic_altar, minmay_misc_feat_tiny,
          minmay_misc_feat_chi
D:3:      layout_rooms, serial_forest, infiniplex_forest_straight_3,
          infiniplex_forest_lined_ring, infiniplex_forest_clump_medium,
          infiniplex_forest_lined_corner, infiniplex_forest_clump_diagonal,
          infiniplex_forest_straight_2, infiniplex_forest_lined_3_way,
          infiniplex_forest_clump_tiny, uniq_terence

Skill      XL: |  1  2  3  4 |
---------------+-------------+-----
Conjurations   | 4 5 |  5.1
Fighting       | 1 |  1.4
Spellcasting   | 2 |  2.5
Dodging        | 2 |  2.5
Stealth        | |  1.9

Action                   |  1- 3 |  4- 6 || total
-------------------------+-------+-------++-------
Melee: Dagger            |     1 |     3 ||     4
       Short sword       |     1 |       ||     1
Throw: Dart              |       |     2 ||     2
 Cast: Magic Dart        |    53 |    16 ||    69
       Searing Ray       |     9 |     5 ||    14
  Use: Potion            |       |     3 ||     3
 Stab: Sleeping          |     1 |       ||     1
Armor: Robe              |     6 |     2 ||     8
Dodge: Dodged            |     3 |     7 ||    10

Table legend: (Time is in decaauts)
 A = Elapsed time spent in this place.
 B = Non-inter-level travel time spent in this place.
 C = Inter-level travel time spent in this place.
 D = Time resting spent in this place.
 E = Time spent auto-exploring this place.
 F = Levels seen in this place.
 G = Mean time per level.
                   A        B        C        D        E       F      G
               +--------+--------+--------+--------+--------+-----+--------+
         Total |   2516 |   2441 |     75 |     32 |   2120 |   3 |  838.7 |
       Dungeon |   2516 |   2441 |     75 |     32 |   2120 |   3 |  838.7 |
               +--------+--------+--------+--------+--------+-----+--------+

Top non-repeatable levels by time:
     D:1: 1355 daAuts
     D:2: 1042 daAuts
     D:3: 118 daAuts
